Map: King Sejong Station LE

Players

Rabid - Winner!

  • Race: Terran Terran

A.I. 1 (Harder)

  • Race: Zerg Zerg

VOD

Have the link to the VOD?

Description

Time

  • Played on: July 13, 2016, 12:25 a.m.
  • Length: 11:33
Show
View Real Time Build Order
Export as new Build Order

Rabid Terran - Winner!

Build Orders: MMM Bio 

Get SALT Encoding   

  12  0:00  SCV  
  13  0:13  SCV  
  14  0:18  Supply Depot  
  14  0:25  SCV  
  15  0:36  Refinery  
  15  0:40  SCV  
  16  0:45  Barracks  
  16  0:52  SCV  
  17  1:04  SCV  
  18  1:13  Barracks  
  18  1:16  SCV  
  19  1:32  Orbital Command, Barracks Tech Lab  
  19  1:44  Supply Depot  
  19  1:51  Marauder  
  21  1:56  Stimpack  
  21  2:00  Marine  
  22  2:04  SCV  
  23  2:12  Marauder  
  25  2:18  Marine  
  25  2:23  SCV  
  25  2:27  Refinery  
  26  2:32  Supply Depot  
  26  2:35  SCV  
  27  2:49  Command Center  
  27  2:52  Barracks Reactor  
  27  2:54  SCV  
  28  3:07  SCV  
  29  3:13  Barracks  
  29  3:16  Marauder  
  29  3:19  SCV  
  32  3:27  Supply Depot  
  32  3:28  Marine x2  
  34  3:38  Engineering Bay  
  34  3:42  Marauder  
  34  3:46  SCV  
  37  3:52  Marine x2  
  39  4:01  SCV  
  41  4:04  Orbital Command  
  40  4:12  Concussive Shells, Barracks Reactor  
  40  4:19  SCV  
  40  4:20  Marine  
  40  4:21  Marine  
  40  4:23  Marauder  
  45  4:31  SCV  
  45  4:33  Terran Infantry Weapons Level 1  
  45  4:36  SCV  
  47  4:40  Factory  
  47  4:44  Marine x2  
  49  4:47  SCV  
  49  4:52  Marine x2  
  52  4:53  Marauder  
  54  5:02  Supply Depot  
  54  5:03  SCV  
  54  5:05  SCV  
  56  5:15  SCV  
  56  5:18  SCV  
  58  5:22  Refinery  
  58  5:25  Refinery  
  58  5:27  SCV  
  59  5:30  Marine  
  59  5:31  Marine x3  
  59  5:33  Marauder  
  65  5:37  Factory Tech Lab, Starport  
  65  5:44  SCV  
  65  5:48  SCV  
  67  5:56  SCV  
  66  6:00  SCV  
  61  6:12  Marine  
  61  6:13  Marine x3  
  61  6:14  Marauder  
  61  6:17  SCV  
  68  6:19  Supply Depot  
  68  6:20  Starport Reactor  
  68  6:23  Supply Depot  
  68  6:27  Starport Reactor  
  68  6:31  Supply Depot  
  68  6:32  SCV  
  69  6:33  SCV  
  70  6:41  Siege Tank  
  70  6:46  SCV x2  
  75  6:56  Terran Infantry Armor Level 1  
  75  6:57  Command Center  
  75  6:58  SCV x2  
  75  7:01  Barracks  
  77  7:03  Medivac x2  
  81  7:09  Supply Depot  
  81  7:10  SCV  
  81  7:12  SCV  
  81  7:15  Siege Tank  
  86  7:20  Marine x2  
  86  7:21  Marine x2  
  86  7:22  Marauder  
  92  7:23  Combat Shields  
  92  7:27  SCV  
  93  7:31  Supply Depot x2  
  93  7:33  Medivac x2  
  97  7:47  Siege Tank  
  100  7:54  Marine x2  
  100  7:55  Marine x2, Barracks  
  100  7:56  Marauder  
  106  8:00  Barracks Tech Lab  
  106  8:09  Medivac x2  
  106  8:12  Marine x4  
  112  8:14  SCV  
  112  8:17  Supply Depot, Marauder  
  112  8:19  Armory, Siege Tank  
  120  8:21  SCV  
  121  8:28  Orbital Command  
  121  8:33  Refinery  
  121  8:46  Barracks Reactor  
  121  8:48  Marine x3  
  121  8:49  Supply Depot, Marine  
  120  8:58  Marine x2  
  120  8:59  Refinery  
  118  9:06  Marine x2  
  119  9:26  SCV x2  
  121  9:35  Marine x4  
  121  9:36  Marine x2  
  121  9:37  Marauder x2  
  121  9:38  Medivac x2, Siege Tank  
  138  9:47  SCV x3  
  141  9:53  Marine x3  
  141  9:54  Supply Depot x2  
  141  9:56  Supply Depot  
  141  9:59  SCV  
  143  10:13  Marine x4  
  143  10:14  Marine  
  140  10:15  Marine, Marauder x2  
  140  10:16  Siege Tank  
  140  10:17  Medivac x2  
  152  10:40  Marine  
  152  10:41  Marine x5  
  152  10:42  Marauder x2  
  160  10:46  Supply Depot  
  160  10:47  Medivac x2  
  160  10:48  Supply Depot, Siege Tank  
  160  10:49  Supply Depot  
  167  10:58  Marine x4  
  167  10:59  Marine x2  
  167  11:03  Marauder  
  173  11:15  Supply Depot, Marine  
Show
View Real Time Build Order
Export as new Build Order

A.I. 1 (Harder) Zerg 

Build Orders: Pool First, Muta Ling Bane, Zergling Baneling 

Get SALT Encoding   

  12  0:01  Drone  
  13  0:12  Overlord  
  13  0:16  Drone  
  14  0:30  Drone x2  
  16  0:42  Spawning Pool  
  15  0:45  Drone  
  15  0:49  Drone  
  17  0:53  Extractor  
  17  0:55  Drone  
  17  1:06  Overlord  
  17  1:30  Queen  
  17  1:31  Zergling x4  
  21  1:38  Drone, Roach Warren  
  21  1:41  Extractor  
  20  1:49  Drone  
  20  1:52  Baneling Nest  
  20  2:00  Drone  
  21  2:10  Drone  
  22  2:21  Zergling x2  
  23  2:32  Drone  
  23  2:35  Baneling x2  
  23  2:36  Baneling x2  
  24  2:37  Zergling x4, Overlord  
  24  2:44  Zergling x2  
  27  2:54  Drone  
  27  2:56  Metabolic Boost  
  28  3:05  Zergling x2  
  29  3:10  Zergling x6  
  32  3:17  Overlord  
  32  3:26  Baneling  
  32  3:28  Zergling x2, Baneling  
  32  3:33  Baneling  
  33  3:38  Zergling x2, Baneling  
  33  3:41  Zergling x2, Drone  
  36  3:42  Drone  
  37  3:50  Drone  
  38  3:56  Evolution Chamber  
  38  4:01  Drone  
  38  4:12  Drone x2, Overlord  
  40  4:23  Lair  
  40  4:29  Drone  
  41  4:59  Zerg Melee Weapons Level 1  
  41  5:19  Hatchery  
  41  5:20  Drone  
  41  5:22  Spire  
  41  5:23  Drone  
  38  5:57  Zergling x2  
  38  6:02  Zergling x2, Burrow  
  32  6:07  Zergling x2  
  32  6:12  Zergling x2  
  32  6:17  Zergling x2  
  34  6:22  Zergling x2, Baneling x4  
  35  6:27  Zergling x2  
  35  6:32  Drone x3  
  39  6:33  Drone x3  
  42  6:41  Drone  
  42  6:42  Extractor  
  42  6:44  Drone  
  43  6:49  Centrifical Hooks  
  43  6:51  Mutalisk  
  43  6:52  Drone x2  
  43  6:53  Drone, Zerg Missile Weapons Level 1  
  48  6:56  Drone  
  49  7:02  Mutalisk  
  49  7:06  Overlord  
  51  7:13  Mutalisk  
  53  7:16  Extractor  
  53  7:17  Drone  
  53  7:22  Mutalisk  
  53  7:23  Drone x2  
  53  7:24  Drone  
  53  7:29  Drone  
  59  7:35  Overlord  
  59  7:40  Drone  
  59  7:46  Drone  
  59  7:50  Drone, Spore Crawler  
  60  7:54  Mutalisk, Overlord  
  60  7:55  Drone  
  60  7:57  Infestation Pit  
  62  8:00  Zergling x2  
  62  8:04  Drone  
  64  8:07  Drone  
  65  8:13  Drone  
  65  8:18  Drone, Spore Crawler  
  66  8:24  Roach  
  66  8:25  Evolution Chamber  
  66  8:26  Overlord  
  67  8:28  Mutalisk  
  67  8:32  Hydralisk Den, Hatchery  
  67  8:35  Overseer  
  67  8:36  Hive  
  67  8:51  Overseer  
  67  8:54  Roach  
  68  9:00  Lurker Den  
  68  9:02  Hydralisk  
  70  9:07  Hydralisk  
  70  9:12  Hydralisk  
  72  9:19  Pneumatized Carapace  
  72  9:21  Overseer  
  74  9:24  Roach  
  74  9:29  Roach  
  76  9:37  Hydralisk, Overlord  
  78  9:42  Hydralisk  
  78  9:44  Drone x2  
  78  9:45  Drone x3  
  84  9:46  Drone  
  84  9:50  Roach  
  84  9:52  Ravager  
  87  9:54  Roach  
  87  9:55  Drone, Overlord  
  87  9:56  Extractor  
  87  9:59  Ravager  
  90  10:01  Hydralisk  
  90  10:02  Drone x2  
  90  10:05  Drone x2  
  90  10:06  Zergling x2  
  62  10:15  Hydralisk  
  62  10:16  Hydralisk x2  
  62  10:18  Drone  
  62  10:19  Drone x3  
  65  10:26  Hydralisk, Extractor  
  46  10:32  Roach  
  46  10:33  Hydralisk  
  31  10:45  Drone x2  
  13  11:04  Lurker  
  13  11:12  Spawning Pool  
Tags
 
Add a new tag
Caveats
  • Supply blocks, unpowered buildings, or Contaminate may cause inaccurate times.
  • Supply counts are checked every 10 seconds.